 Dungeon Crawl Stone Soup version 0.16.2-12-gd0ad4c3 (webtiles) character file.

2060 hannobal the Carver (level 9, -1/54 HPs)
             Began as a High Elf Skald on Oct 22, 2015.
             Was an Initiate of Nemelex Xobeh.
             Shot with an arrow of frost by a centaur (7 damage)
             ... on level 7 of the Dungeon.
             The game lasted 00:32:02 (8042 turns).

hannobal the Carver (High Elf Skald)                Turns: 8042, Time: 00:32:02

Health: -1/54      AC:  6    Str: 14    XL:     9   Next: 5%
Magic:  18/21      EV: 12    Int: 17    God:    Nemelex Xobeh [......]
Gold:   238        SH:  0    Dex: 15    Spells: 4 memorised, 6 levels left

rFire  . . .     SeeInvis .     a - +1 falchion
rCold  + . .     Clarity  .     y - +1 leather armour
rNeg   . . .     SustAb   .     (no shield)
rPois  .         Gourm    .     D - +0 helmet
rElec  .         Spirit   .     (no cloak)
rCorr  .         Warding  .     (no gloves)
rMut   .         Stasis   .     x - +0 pair of boots
MR     .....                    w - amulet of rage
Stlth  +.........               (no ring)
                                q - ring of protection from cold

@: infused, very slightly contaminated, not resistant to hostile enchantments,
very unstealthy
A: no striking features
a: Renounce Religion, Evoke Berserk Rage


You were on level 7 of the Dungeon.
You worshipped Nemelex Xobeh.
Nemelex Xobeh was noncommittal.
You were not hungry.

You visited 2 branches of the dungeon, and saw 8 of its levels.

You collected 238 gold pieces.

Inventory:

Hand weapons
 a - a +1 falchion (weapon)
 b - a +0 shortbow
 g - a +0 blowgun
 u - a +0 hunting sling
 F - a +1 trident of pain
Missiles
 e - 103 stones (quivered)
 j - 4 curare-tipped needles
 o - 17 sling bullets of flame
 t - 46 poisoned needles
 v - 94 arrows
 A - 26 sling bullets
 B - 3 tomahawks of dispersal
Armour
 k - a +0 ring mail
 x - a +0 pair of boots (worn)
 y - a +1 leather armour (worn)
 D - a +0 helmet (worn)
Jewellery
 q - a ring of protection from cold (left hand)
 w - an amulet of rage (around neck)
Scrolls
 h - a scroll of teleportation
 i - a scroll of identify
 l - a scroll of enchant armour
 m - 2 scrolls of immolation
 r - a scroll of remove curse
 s - 5 scrolls of enchant weapon
 C - a scroll of blinking
Potions
 n - a potion of agility
 p - a potion of magic
 z - a potion of haste
 E - 2 potions of brilliance
 G - a potion of curing
 H - a potion of restore abilities
Books
 c - a book of Battle

   Spells                             Type                      Level
   a - Infusion                       Charms                       1
   b - Shroud of Golubria             Charms/Translocation         2
   c - Song of Slaying                Charms                       2
   d - Spectral Weapon                Hexes/Charms                 3
   e - Regeneration                   Charms/Necromancy            3
Comestibles
 d - 2 bread rations {@e1}
 f - 3 meat rations {@e2}


   Skills:
 - Level 2.0 Fighting
 + Level 12.4 Long Blades
 - Level 2.5 Bows
 - Level 3.1 Throwing
 - Level 1.0 Armour
 - Level 2.0 Dodging
 - Level 3.0 Spellcasting
 - Level 2.0 Hexes
 - Level 4.1 Charms
 - Level 1.0 Translocations


You had 6 spell levels left.
You knew the following spells:

 Your Spells              Type           Power        Failure   Level  Hunger
a - Infusion              Chrm           ###...       4%          1    None
b - Song of Slaying       Chrm           ###.....     10%         2    ##.....
c - Shroud of Golubria    Chrm/Tloc      ##........   14%         2    ##.....
d - Spectral Weapon       Hex/Chrm       ##......     21%         3    ###....


Dungeon Overview and Level Annotations

Branches:
Dungeon (7/15)             Temple (1/1) D:7

Altars:
Ashenzari
Cheibriados
Dithmenos
Elyvilon
Fedhas
Gozag
Kikubaaqudgha
Makhleb
Nemelex Xobeh
Okawaru
Qazlal
Ru
Sif Muna
Trog
Vehumet
Xom
Yredelemnul
Zin
The Shining One

Shops:
D:7 }

Annotations:
D:2 Sigmund
D:3 book, need flight, exclusion: orc wizard


Message History

The centaur is moderately wounded.
The centaur hits you! The hobgoblin hits you with a club.
* * * LOW HITPOINT WARNING * * *
You barely miss the centaur.
The centaur is moderately wounded.
The centaur hits you!
* * * LOW HITPOINT WARNING * * *
Drink which item? (? for menu, Esc to quit)
Okay, then.
You aren't carrying any items that can be evoked.
Unknown command.
Read which item? (? for menu, Esc to quit)
Blink to where?
Press: ? - help, Dir - move target cursor You are very lightly contaminated with residual magic.
As you read the scroll of blinking, it crumbles to dust.
The centaur wields an uncursed shortbow.
The centaur shoots an arrow of frost.
The arrow of frost hits you!
You die...
Your body disappears without a glow.

.....................
..........#######...[
...........#.....#....
...........#.....#####
###'##....###.....#..#.
#....#....#.'..>..#.[+.
#....#....#.#.....#.##.
#....'....#.#.....#.##.
....#@...'.#.....#.##.
####....#.#######.#..
#....####'##...'..
#...(#....##...##+
#....'....###'###.
#.<.(##'####.>.... ####
#....(.....#......
#....#..(.......#..###.
#....c§g........#..###.


You could see a centaur and a hobgoblin.

Vanquished Creatures
  A sky beast (D:6)
  Purgy (D:3)
  A black bear (D:6)
  An ogre (D:7)
  4 big kobolds
  2 centaurs
  A gnoll sergeant (D:7)
  6 crimson imps
  A goliath beetle (D:7)
  A giant frog zombie (D:4)
  7 jellies
  5 orc priests
  A quasit (D:6)
  An orc wizard (D:6)
  Natasha (thrice) (D:6)
  7 worker ants
  Jessica (D:3)
  A hound zombie (D:6)
  A hound skeleton (D:6)
  Robin (D:3)
  7 adders
  4 gnolls
  2 shadow imps
  A white imp (D:4)
  A worm (D:4)
  An adder skeleton (D:4)
  10 oozes
  13 orcs
  2 ball pythons
  A bat skeleton (D:6)
  A bat zombie (D:6)
  6 giant cockroaches
  10 hobgoblins
  5 jackals
  A ball python zombie (D:5)
  8 bats
  4 giant geckos
  4 giant newts
  15 goblins
  24 kobolds
  6 rats
  2 rat zombies (D:4)
175 creatures vanquished.

Vanquished Creatures (others)
  4 fungi (D:6)
4 creatures vanquished.

Grand Total: 179 creatures vanquished

Notes
Turn   | Place    | Note
--------------------------------------------------------------
     0 | D:1      | hannobal, the High Elf Skald, began the quest for the Orb.
     0 | D:1      | Reached XP level 1. HP: 14/14 MP: 4/4
   295 | D:1      | Reached XP level 2. HP: 19/19 MP: 6/6
   302 | D:1      | Learned a level 2 spell: Song of Slaying
   305 | D:1      | Learned a level 2 spell: Shroud of Golubria
   798 | D:1      | Reached skill level 1 in Translocations
   815 | D:2      | Noticed Sigmund
  1046 | D:3      | Found a deep blue altar of Sif Muna.
  1140 | D:3      | Noticed Purgy
  1164 | D:3      | Killed Purgy
  1164 | D:3      | Reached skill level 5 in Long Blades
  1164 | D:3      | Reached XP level 3. HP: 24/24 MP: 0/8
  1164 | D:3      | Reached XP level 4. HP: 29/29 MP: 0/11
  1311 | D:3      | Noticed Robin
  1353 | D:3      | Killed Robin
  1353 | D:3      | Reached skill level 6 in Long Blades
  1353 | D:3      | Reached XP level 5. HP: 19/34 MP: 1/12
  1356 | D:3      | Reached skill level 1 in Armour
  1501 | D:3      | Noticed Jessica
  1513 | D:3      | Killed Jessica
  1766 | D:3      | Learned a level 3 spell: Spectral Weapon
  2038 | D:4      | Reached skill level 1 in Throwing
  2548 | D:4      | Reached skill level 1 in Hexes
  2575 | D:4      | Reached skill level 1 in Bows
  2893 | D:4      | Reached XP level 6. HP: 39/39 MP: 11/15
  3093 | D:4      | Found an ancient bone altar of Kikubaaqudgha.
  3528 | D:5      | Entered Level 5 of the Dungeon
  3948 | D:5      | Found an iron altar of Okawaru.
  4287 | D:5      | Reached XP level 7. HP: 41/45 MP: 15/18
  4476 | D:5      | Reached skill level 7 in Long Blades
  4956 | D:6      | Noticed Natasha
  4975 | D:6      | Killed Natasha
  4975 | D:6      | Reached skill level 8 in Long Blades
  5312 | D:6      | Reached skill level 9 in Long Blades
  5312 | D:6      | Reached XP level 8. HP: 45/50 MP: 20/20
  5410 | D:6      | Noticed Natasha
  5422 | D:6      | Killed Natasha
  5465 | D:6      | Noticed Natasha
  5638 | D:6      | Reached skill level 10 in Long Blades
  5833 | D:6      | Noticed a slime creature
  6149 | D:5      | Reached skill level 11 in Long Blades
  6451 | D:6      | Killed Natasha
  6853 | D:7      | Reached skill level 12 in Long Blades
  6916 | D:7      | Found Shimy's Gadget Emporium.
  7245 | D:7      | Reached XP level 9. HP: 31/54 MP: 18/21
  7263 | D:7      | Found a basalt altar of Yredelemnul.
  7264 | D:7      | Found a bloodstained altar of Trog.
  7857 | D:7      | Found a staircase to the Ecumenical Temple.
  7863 | Temple   | Entered the Ecumenical Temple
  7914 | Temple   | Became a worshipper of Nemelex Xobeh the Trickster
  8042 | D:7      | Shot with an arrow of frost by a centaur

Action                   |  1- 3 |  4- 6 |  7- 9 || total
-------------------------+-------+-------+-------++-------
Melee: Falchion          |    71 |   211 |   331 ||   613
       Dagger            |       |     6 |       ||     6
 Fire: Shortbow          |       |    25 |    56 ||    81
       Blowgun           |       |     4 |    45 ||    49
Throw: Stone             |     4 |       |       ||     4
 Cast: Infusion          |    11 |    23 |    26 ||    60
       Shroud of Golubri |     2 |     6 |     9 ||    17
       Song of Slaying   |       |     2 |     7 ||     9
  Use: Scroll            |     6 |     6 |     4 ||    16
       Potion            |     6 |     1 |     2 ||     9
 Stab: Sleeping          |       |     1 |     1 ||     2
  Eat: Chunk             |     1 |    11 |     7 ||    19
       Fruit             |       |       |     3 ||     3
       Bread ration      |       |       |     1 ||     1
